 Dungeon Crawl Stone Soup version 0.28.0-43-g3370ac3207 (webtiles) character file.

Game seed: 18379979946326979812

251 Peloso the Skirmisher (level 5, -1/45 (48) HPs)
             Began as a Minotaur Fighter on Mar 17, 2022.
             Slain by a black bear (4 damage)
             ... on level 5 of the Dungeon.
             The game lasted 00:03:54 (2705 turns).

Peloso the Skirmisher (Minotaur Fighter)            Turns: 2705, Time: 00:03:54

HP:   -1/45 (48)    AC:  7    Str: 17 (20) XL:     5   Next: 88%
MP:   4/4           EV:  9    Int:  2 (5)  God:
Gold: 90            SH:  4    Dex: 11 (12) Spells: 4/4 levels left

rFire   . . .      SeeInvis .   a - +0 long sword
rCold   . . .      Faith    .   c - +0 buckler
rNeg    . . .      Spirit   .   b - +0 scale mail
rPois   .          Reflect  .   (helmet restricted)
rElec   .          Harm     .   (no cloak)
rCorr   .          Rampage  .   (no gloves)
Will    .....                   (no boots)
Stlth   ..........              (no amulet)
HPRegen 0.15/turn               (no ring)
MPRegen 0.09/turn               (no ring)

@: mighty, drained
A: horns 2, retaliatory headbutt, deterioration 1
a: no special abilities


You were on level 5 of the Dungeon.
You visited 1 branch of the dungeon, and saw 5 of its levels.

You collected 90 gold pieces.

Inventory:

Hand Weapons
 a - a +0 long sword (weapon)
Armour
 b - a +0 scale mail (worn)
 c - a +0 buckler (worn)
Jewellery
 h - an amulet of regeneration
 n - a +6 ring of intelligence
Wands
 r - a wand of acid (8)
Scrolls
 i - 3 scrolls of identify {unknown}
 j - a scroll of enchant armour {unknown}
 k - a scroll of holy word {unknown}
 l - a scroll of blinking {unknown}
 o - a scroll of teleportation {unknown}
 p - a scroll of immolation {unknown}
 q - a scroll of noise {unknown}
 s - 2 scrolls of amnesia {unknown}
 u - a scroll of enchant weapon {unknown}
Potions
 d - 3 potions of might
 e - a potion of haste {unknown}
 f - a potion of degeneration
 g - a potion of mutation
 m - a potion of berserk rage {unknown}
 t - a potion of flight {unknown}


   Skills:
 + Level 5.5 Fighting
 + Level 4.6 Long Blades
 + Level 4.8 Armour
 + Level 0.3 Dodging
 + Level 0.1 Stealth
 + Level 4.3 Shields


You had 4 spell levels left.
You didn't know any spells.
Your spell library contained the following spells:

 Spells                   Type           Power      Damage    Failure   Level
 Beastly Appendage        Tmut           0%         N/A       95%         1
 Sandblast                Erth           0%         2d4       95%         1
 Shock                    Conj/Air       0%         1d3       95%         1
 Blink                    Tloc           0%         N/A       99%         2
 Ensorcelled Hibernation  Hex/Ice        0%         N/A       99%         2
 Passwall                 Tmut/Erth      0%         N/A       99%         2
 Wereblood                Tmut           0%         N/A       99%         2
 Spider Form              Tmut/Pois      0%         N/A       100%        3
 Stone Arrow              Conj/Erth      0%         3d7       100%        3
 Swiftness                Air            0%         N/A       100%        3
 Airstrike                Air            0%         N/A       100%        4
 Anguish                  Hex/Necr       0%         N/A       100%        4
 Manifold Assault         Tloc           0%         N/A       100%        5
 Storm Form               Tmut/Air       0%         N/A       100%        7


Dungeon Overview and Level Annotations

Branches:
Dungeon (5/15)             Temple (0/1) D:5

Altars:
Gozag
Hepliaklqana


Innate Abilities, Weirdness & Mutations

You have a pair of horns on your head.
You reflexively headbutt those who attack you in melee.
Your body sometimes deteriorates upon taking damage.


Message History

The scorpion barely misses you.
The gnoll hits you from afar with a +0 halberd!
You open the door. The ufetubus barely misses you.
The ufetubus hits you but does no damage.
The scorpion stings you but does no damage.
The ufetubus hits you. The ufetubus barely misses you.
The scorpion stings you but does no damage.
There is an open door here.
Found a staircase to the Ecumenical Temple.
You block the ufetubus's attack. The ufetubus hits you.
The ufetubus completely misses you. You furiously retaliate!
You headbutt the ufetubus.
The ufetubus hits you but does no damage.
The ufetubus hits you but does no damage.
You block the ufetubus's attack. The ufetubus closely misses you.
The ufetubus hits you.
* * * LOW HITPOINT WARNING * * *
You feel very mighty all of a sudden.
The ufetubus hits you but does no damage.
The ufetubus closely misses you.
It was a potion of degeneration.
There was something very wrong with that liquid.
You feel weakened.
You feel dopey.
You feel clumsy. You block the ufetubus's attack. The ufetubus hits you.
* * * LOW HITPOINT WARNING * * *
The black bear bites you!
* * * LOW HITPOINT WARNING * * *
You block the black bear's attack. The black bear claws you.
* * * LOW HITPOINT WARNING * * *
The ufetubus hits you but does no damage.
The ufetubus closely misses you.
A necrophage breaks down the door.
A hound comes into view.
Okay, then.
Unknown command.
It was a potion of mutation.
You feel extremely strange.
You feel yourself wasting away.
The hound barks!
The ufetubus barely misses you. The ufetubus closely misses you.
The black bear bites you.
You die...

##.... ##..... ... ##......
... #......###+### ....
#......#...g.#.....
#......#.###n#.h.
#.....'.+>#s'...
###...#.###5#...
##..h##..h@.#..#
#.....###+###..##
#..!h..##.## ...## .....
##....#.....# #!(. ......
#...........###.## #......
##.......##..h...#####......
#..#..###...###.#..##......
####### #.............#....
....................


You could see a black bear, a necrophage, a scorpion, a hound, a gnoll and an
ufetubus.

Vanquished Creatures
  A centaur skeleton (D:5)
  An orc wizard (D:3)
  A hound skeleton (D:4)
  5 gnolls
  4 adders
  An adder skeleton (D:2)
  4 worms
  4 dart slugs
  8 orcs
  3 endoplasms
  2 giant cockroaches (D:1)
  8 goblins
  5 hobgoblins
  3 quokkas
  6 ball pythons
  9 bats
  3 frilled lizards
  5 kobolds
  5 rats
78 creatures vanquished.

Notes
Turn   | Place    | Note
-------+----------+-------------------------------------------
     0 | D:1      | Peloso the Minotaur Fighter began the quest for the Orb.
     0 | D:1      | Reached XP level 1. HP: 19/19 MP: 0/0
   158 | D:1      | Reached skill level 4 in Fighting
   158 | D:1      | Reached XP level 2. HP: 27/27 MP: 1/1
   297 | D:1      | Reached XP level 3. HP: 33/33 MP: 2/2
   966 | D:2      | Reached XP level 4. HP: 41/41 MP: 3/3
  1055 | D:2      | Found a hazy altar of Hepliaklqana.
  1345 | D:3      | Reached skill level 5 in Fighting
  1488 | D:3      | Reached XP level 5. HP: 43/48 MP: 4/4
  1869 | D:3      | Found a faded altar of an unknown god.
  2273 | D:4      | Found an opulent altar of Gozag.
  2591 | D:4      | Noticed a black bear
  2624 | D:5      | Entered Level 5 of the Dungeon
  2646 | D:5      | Noticed a black bear
  2665 | D:5      | Noticed a necrophage
  2695 | D:5      | Found a staircase to the Ecumenical Temple.
  2705 | D:5      | Gained mutation: Your body sometimes deteriorates upon
                  | taking damage. [potion of mutation]
  2705 | D:5      | Slain by a black bear

Illustrated notes

Levels and vault maps discovered:
D:1:      minmay_arrival_open_corners, layout_rooms,
          amcnicky_mini_corridor_feature
D:2:      layout_rooms, basic_altar, minmay_circle_x
D:3:      layout_basic, hellmonk_ecumenical_altar_prayer_group
D:4:      layout_basic, overflow_temple_1_default
D:5:      layout_cave_pools, minmay_temple_entry_glassed_door,
          eino_tiny_chamber, wad_floor_pattern_1, serial_park_tiny_2

Skill      XL: |  1  2  3  4  5 |
---------------+----------------+-----
Fighting       | 4 5 |  5.5
Shields        | 4 |  4.3
Armour         | 4 |  4.8
Long Blades    | 3 4 |  4.6
Dodging        | |  0.3
Stealth        | |  0.1

Action                   |  1- 3 |  4- 6 || total
-------------------------+-------+-------++-------
Melee: Long sword        |    71 |    87 ||   158
       Headbutt          |    17 |    17 ||    34
  Use: Potion            |       |     3 ||     3
Armor: Scale mail        |    49 |    59 ||   108
Dodge: Dodged            |    58 |    34 ||    92
Block: Buckler           |    22 |    21 ||    43
